 Dungeon Crawl Stone Soup version 0.23.2 (webtiles) character file.

Game seed: 15072815272230868486

44 Kairos the Skirmisher (level 3, 9/30 HPs)
             Began as a Formicid Abyssal Knight on Apr 9, 2019.
             Was a Follower of Lugonu.
             Quit the game on level 2 of the Dungeon.
             The game lasted 00:02:18 (1264 turns).

Kairos the Skirmisher (Formicid Abyssal Knight)     Turns: 1264, Time: 00:02:19

Health: 9/30       AC:  5    Str: 17    XL:     3   Next: 85%
Magic:  4/4        EV: 10    Int: 11    God:    Lugonu [*.....]
Gold:   74         SH:  4    Dex: 10    Spells: 2/2 levels left

rFire    . . .     SeeInvis +   a - +2 hand axe
rCold    . . .     Gourm    .   f - +1 buckler
rNeg     . . .     Faith    .   g - +0 ring mail
rPois    .         Spirit   .   (helmet unavailable)
rElec    .         Reflect  .   (no cloak)
rCorr    .         Harm     .   (no gloves)
MR       .....                  (no boots)
Stlth    +.........             (no amulet)
HPRegen  0.10/turn              (no ring)
MPRegen  0.09/turn              (no ring)

@: no status effects
A: permanent stasis, dig shafts and tunnels, four strong arms, antennae 3
a: Dig, Shaft Self, Depart the Abyss, Renounce Religion


You were on level 2 of the Dungeon.
You worshipped Lugonu.
Lugonu was aware of your devotion.
You were not hungry.

You visited 1 branch of the dungeon, and saw 2 of its levels.
You visited the Abyss 1 time.

You collected 74 gold pieces.

Inventory:

Hand Weapons
 a - a +2 hand axe (weapon)
Armour
 b - a +0 leather armour
 f - a +1 buckler (worn)
 g - a +0 ring mail (worn)
Scrolls
 e - a scroll of magic mapping
Potions
 d - a potion of might
 h - 3 potions of degeneration
 j - a potion of haste
 m - a potion of flight
Comestibles
 c - 4 rations


   Skills:
 + Level 3.8 Fighting
 + Level 2.8 Axes
 + Level 2.8 Armour
 + Level 0.8 Dodging
 + Level 0.3 Stealth
 + Level 0.2 Shields
 + Level 2.3 Invocations


You had 2 spell levels left.
You didn't know any spells.
Your spell library was empty.

Dungeon Overview and Level Annotations

Branches:
Dungeon (2/15)

Altars:


Innate Abilities, Weirdness & Mutations

You cannot be hasted, slowed, berserked, paralysed or teleported.
You can dig through walls and to a lower floor.
Your four strong arms can wield two-handed weapons with a shield.
You have a pair of large antennae on your head. (SInv)


Message History

a +0 hunting sling; 17 stones You now have 74 gold pieces (gained 16).
Found a stone staircase leading up.
Unknown command.
You sense a monster nearby.
A bat comes into view.
A bat is nearby!
You are too injured to fight recklessly!
You are too injured to fight recklessly!
You are too injured to fight recklessly!
You are too injured to fight recklessly!
A leopard gecko comes into view.
The leopard gecko hisses angrily.
You block the bat's attack.
Are you sure you want to abandon this character and quit the game? (Confirm with "yes".)
Okay, then.
Unknown command.
Unknown command.
Unknown command.
Are you sure you want to abandon this character and quit the game? (Confirm with "yes".)

# #. .### #
l.# . #.#.#
...
#.#.###.....
#...@b......
#.#.#####.##
#.# <....# #.#
#.##.# #.#
#.##.# #.#
#.##.#
#.#####....##
{
#...........##
#######......#


You could see a leopard gecko and a bat.

Vanquished Creatures
  An adder (D:2)
  4 leopard geckos
  A giant cockroach (D:1)
  5 goblins
  5 hobgoblins
  2 bats (D:1)
  7 frilled lizards (D:1)
  4 kobolds
  3 rats (D:1)
32 creatures vanquished.

Vanquished Creatures (others)
  4 starspawn tentacles (Abyss:1)
4 creatures vanquished.

Grand Total: 36 creatures vanquished

Notes
Turn   | Place    | Note
-------+----------+-------------------------------------------
     0 | Abyss:1  | Kairos the Formicid Abyssal Knight began the quest for the
                  | Orb.
     0 | Abyss:1  | Reached XP level 1. HP: 18/18 MP: 2/2
    26 | Abyss:1  | Noticed a tentacled starspawn
    44 | Abyss:1  | Found a corrupted altar of Lugonu.
    88 | Abyss:1  | Noticed a large abomination
    97 | D:1      | Escaped the Abyss
   230 | D:1      | Reached * piety under Lugonu
   233 | D:1      | Reached XP level 2. HP: 19/24 MP: 3/3
   744 | D:1      | Reached XP level 3. HP: 26/30 MP: 4/4
  1264 | D:2      | Quit the game

Action                   || total
-------------------------++-------
Melee: Hand axe          ||   123
Invok: Depart the Abyss  ||     1
  Use: Potion            ||     2
       Scroll            ||     7
  Eat: Chunk             ||     1
Armor: Ring mail         ||    49
Dodge: Dodged            ||    54
Block: Buckler           ||    21
